[Event "Titled Tuesday Blitz March 15 Late 2022"]
[White "Le Goff, Ronan"]
[Black "Risteski, Emil"]
[WhiteFideId "612073"]
[BlackFideId "15005267"]
[WhiteElo "2276"]
[BlackElo "2070"]
[Result "0-1"]
[Round "08"]
[TimeControl "180+1"]
[Date "2022.03.16"]
[WhiteClock "0:00:18"]
[BlackClock "0:00:13"]

1. d4 e6 2. Nf3 f5 3. Nbd2 Nf6 4. c3 b6 5. Qc2 Bb7 6. h3 g6 7. g4 Bg7 8. Rg1 d6 9. e4 Nxe4 10. Nxe4 Bxe4 11. Qa4+ Qd7 12. Qxd7+ Kxd7 13. Ng5 Bb7 14. Bc4 d5 15. Bb5+ c6 16. Be2 c5 17. gxf5 exf5 18. Be3 cxd4 19. cxd4 Nc6 20. Bb5 a6 21. Bxc6+ Bxc6 22. Rc1 Bb5 23. Kd2 Bf6 24. Nf3 Rhc8 25. Bf4 Rxc1 26. Rxc1 Rc8 27. Rxc8 Kxc8 28. Be5 Be7 29. a3 Kd7 30. Bf4 Bf1 31. h4 Bg2 32. Ne5+ Ke6 33. Bg5 Bf8 34. Bd8 b5 35. Bb6 Bg7 36. Nd3 Kd7 37. Nc5+ Kc6 38. Bd8 Bxd4 39. Nxa6 Bxf2 40. Nb4+ Kd7 41. Bg5 Bc5 42. Nd3 Bd6 43. b4 Be4 44. Nc1 Be5 45. Ne2 Bb2 46. Nc3 Kc6 47. a4 bxa4 48. Nxa4 Be5 49. Nc5 Bd6 50. Ne6 Bxb4+ 51. Ke3 Kd7 52. Nf4 Bc5+ 53. Kd2 d4 54. Bf6 Kd6 55. Bg7 Bb4+ 56. Ke2 Bc3 57. Kd1 Kc5 58. Ne6+ Kc4 59. Ng5 d3 60. Bh6 d2 61. h5 gxh5 62. Ke2 Bc6 63. Ne6 Ba4 64. Bxd2 Be5 65. Bf4 Bf6 66. Bg5 Bc3 67. Nf4 Be8 68. Ne6 Bg6 69. Kf3 Kd5 70. Nf4+ Kd6 71. Ne2 Be5 72. Bf4 Ke6 73. Bxe5 Kxe5 74. Nf4 Kf6 75. Nh3 Ke5 76. Nf4 h4 77. Ng2 Bh5+ 78. Kf2 h3 79. Ne3 Bg4 80. Nf1 Kf4 81. Ng3 h5 82. Nh1 h4 83. Kg1 Kf3 84. Kh2 Ke2 85. Kg1 f4 86. Kh2 f3 87. Kg1 Ke1 88. Nf2 h2+ 89. Kxh2 Kxf2 90. Kh1 Kg3 91. Kg1 f2+ 92. Kf1 Bh3+ 93. Ke2 f1=Q+ 94. Kd2 0-1


[Site "https://www.chess.com"]

[Event "Titled Tuesday Blitz March 15 Late 2022"]
[White "Lewicki, Miroslaw"]
[Black "Kucuksari, Kaan"]
[WhiteFideId "1113380"]
[BlackFideId "6380166"]
[WhiteElo "2283"]
[BlackElo "2305"]
[Result "0-1"]
[Round "08"]
[TimeControl "180+1"]
[Date "2022.03.15"]
[WhiteClock "0:00:04"]
[BlackClock "0:00:13"]

1. g3 d5 2. Bg2 e5 3. d3 c6 4. Nf3 Bd6 5. O-O Ne7 6. c4 O-O 7. cxd5 cxd5 8. Nc3 Nbc6 9. a3 a6 10. b4 f6 11. Bb2 Be6 12. Rc1 Qd7 13. Na4 Qd8 14. Nc5 Bxc5 15. Rxc5 b6 16. Rc2 Qd7 17. Qd2 a5 18. b5 Na7 19. a4 Rfc8 20. Rfc1 Rxc2 21. Rxc2 Rc8 22. Ba3 d4 23. e3 Nf5 24. exd4 Nxd4 25. Nxd4 Qxd4 26. Rxc8+ Nxc8 27. Qc2 Qa1+ 28. Bc1 Ne7 29. Bf3 Nf5 30. Qc6 Kf7 31. Kg2 Qd4 32. Qc7+ Kg6 33. h4 h5 34. Qb8 Bf7 35. Qh8 Nh6 36. Be4+ f5 37. Be3 Qd6 38. Bf3 Qxd3 39. Qc8 e4 0-1


[Site "https://www.chess.com"]

[Event "Titled Tuesday Blitz March 15 Late 2022"]
[White "Ljukin, Sergei"]
[Black "Ambartsumova, Karina"]
[WhiteFideId "14102200"]
[BlackFideId "4166299"]
[WhiteElo "2312"]
[BlackElo "2262"]
[Result "1/2-1/2"]
[Round "08"]
[TimeControl "180+1"]
[Date "2022.03.15"]
[WhiteClock "0:00:05"]
[BlackClock "0:00:10"]

1. e4 c5 2. Nf3 e6 3. d4 cxd4 4. Nxd4 a6 5. Bd3 Bc5 6. Nb3 Ba7 7. Qe2 Ne7 8. Be3 Bxe3 9. Qxe3 d6 10. c4 e5 11. Nc3 Be6 12. O-O Nd7 13. Nd5 O-O 14. Rac1 f5 15. Nxe7+ Qxe7 16. exf5 Bxf5 17. Bxf5 Rxf5 18. Rcd1 Rf6 19. Rd2 Nf8 20. c5 dxc5 21. Qxc5 Qxc5 22. Nxc5 b6 23. Ne4 Rc6 24. Re1 Rac8 25. Nc3 Ng6 26. g3 b5 27. Nd5 Rc2 28. Ree2 Rxd2 29. Rxd2 Kf7 30. h4 h5 31. Kg2 Ke6 32. Ne3 Ne7 33. Kf3 Rf8+ 34. Ke2 Nc6 35. Nc2 Rc8 36. Ke3 Ne7 37. Ke2 Nc6 38. Ne3 Nd4+ 39. Kd3 Nf3 40. Re2 Rd8+ 41. Kc3 Rc8+ 42. Kb4 Nd4 43. Rd2 Nc6+ 44. Kc5 Nd4+ 45. Kb6 Rc6+ 46. Kb7 Rd6 47. b4 g6 48. a3 e4 49. Rd1 Ke5 50. Rc1 Nf3 51. Rc5+ Kd4 52. Rc6 Rxc6 53. Kxc6 Ne5+ 54. Kb6 Nd3 55. Nd1 Nxf2 56. Nxf2 e3 57. Nh3 e2 58. Ng1 Ke3 59. Nxe2 Kxe2 60. Kxa6 Kf3 61. Kxb5 Kxg3 62. Ka5 Kxh4 63. b5 g5 64. b6 g4 65. b7 Kh3 66. b8=Q h4 67. Qb3+ g3 68. Qf3 Kh2 69. Qg4 h3 70. Qf4 Kg2 71. Qd2+ Kh1 72. Qe1+ Kh2 73. Qe5 Kg2 74. Qe4+ Kh2 75. Qf4 Kg2 76. Qe4+ Kh2 77. Qe2+ g2 78. Qf2 Kh1 79. Qf3 Kh2 80. Qf2 Kh1 81. Qf3 Kh2 82. Qf4+ Kh1 83. Qe4 Kh2 84. Qf4+ Kh1 85. Qe4 Kh2 86. Qf4+ 1/2-1/2


[Site "https://www.chess.com"]

[Event "Titled Tuesday Blitz March 15 Late 2022"]
[White "Magallanes, Rey Jomar"]
[Black "Sinitsina, Anastassia"]
[WhiteFideId "5205948"]
[BlackFideId "4504640"]
[WhiteElo "2224"]
[BlackElo "2144"]
[Result "0-1"]
[Round "08"]
[TimeControl "180+1"]
[Date "2022.03.16"]
[WhiteClock "0:00:01"]
[BlackClock "0:00:38"]

1. e4 e5 2. Nf3 Nc6 3. Bc4 Bc5 4. d3 Nf6 5. c3 d6 6. a4 a6 7. b4 Bb6 8. O-O h6 9. a5 Ba7 10. Nbd2 O-O 11. Re1 Be6 12. Bxe6 fxe6 13. Nf1 Kh7 14. Be3 Qe7 15. Bxa7 Rxa7 16. Ne3 Raa8 17. d4 exd4 18. cxd4 Nxb4 19. e5 Nfd5 20. h3 Qf7 21. Ng4 Qg6 22. exd6 cxd6 23. Nh4 Qc2 24. Rxe6 h5 25. Ne3 Qxf2+ 26. Kh1 Qxh4 27. Qb1+ Kg8 28. Nxd5 Nxd5 29. Qb3 Qg5 30. Rae1 Kh8 31. Rxd6 Nf4 32. d5 Qxg2# 0-1


[Site "https://www.chess.com"]

[Event "Titled Tuesday Blitz March 15 Late 2022"]
[White "Maltsevskaya, Aleksandra"]
[Black "Odegov, Artem"]
[WhiteFideId "24174041"]
[BlackFideId "34183644"]
[WhiteElo "2241"]
[BlackElo "2286"]
[Result "1-0"]
[Round "08"]
[TimeControl "180+1"]
[Date "2022.03.16"]
[WhiteClock "0:02:15"]
[BlackClock "0:00:39"]

1. e4 e6 2. d3 d5 3. Nd2 Nf6 4. Ngf3 c5 5. g3 Nc6 6. Bg2 g6 7. O-O Bg7 8. exd5 Nxd5 9. Nc4 O-O 10. a4 b6 11. Re1 Bb7 12. a5 b5 13. a6 Bc8 14. Nfe5 Nxe5 15. Nxe5 Bxe5 16. Rxe5 Qd6 17. Re1 Bxa6 18. Bh6 Rfe8 19. Qd2 Bb7 20. c4 a6 21. cxd5 Bxd5 22. Qg5 Bxg2 23. Qf6 Qd4 24. Re5 Qxe5 25. Qxe5 1-0


[Site "https://www.chess.com"]

[Event "Titled Tuesday Blitz March 15 Late 2022"]
[White "Mangialardo, Tiago Carvalho"]
[Black "Miszler, Levente"]
[WhiteFideId "2130718"]
[BlackFideId "763276"]
[WhiteElo "2087"]
[BlackElo "1966"]
[Result "1-0"]
[Round "08"]
[TimeControl "180+1"]
[Date "2022.03.16"]
[WhiteClock "0:01:25"]
[BlackClock "0:02:30"]

1. e4 e6 2. d4 d5 3. exd5 exd5 4. c4 Nf6 5. Nc3 Bb4 6. Nf3 O-O 7. Be2 dxc4 8. Bxc4 Re8+ 9. Be3 Nc6 10. O-O Bg4 11. Bxf7+ Kxf7 12. Qb3+ Kf8 13. Ng5 Bxc3 14. Qf7# 1-0


[Site "https://www.chess.com"]

[Event "Titled Tuesday Blitz March 15 Late 2022"]
[White "Martinez Alcantara, Jose Eduardo"]
[Black "Abdyzhapar, Asylbek"]
[WhiteFideId "3805662"]
[BlackFideId "13800337"]
[WhiteElo "2690"]
[BlackElo "2331"]
[Result "1-0"]
[Round "08"]
[TimeControl "180+1"]
[Date "2022.03.15"]
[WhiteClock "0:00:06"]
[BlackClock "0:00:35"]

1. e4 d6 2. d4 Nf6 3. Bd3 e5 4. c3 Be7 5. Nf3 Nbd7 6. O-O O-O 7. Nbd2 Re8 8. Re1 Bf8 9. Bc2 g6 10. Nf1 Bg7 11. Ng3 a5 12. h3 c6 13. Bg5 h6 14. Be3 Kh7 15. Qd2 Qc7 16. Rad1 a4 17. Qc1 b5 18. b3 a3 19. Bd3 Nb6 20. dxe5 dxe5 21. c4 bxc4 22. Bxc4 Nxc4 23. Qxc4 Be6 24. Qc2 Nd7 25. Rc1 Rec8 26. Red1 c5 27. Nd2 Nb6 28. Ne2 Qb7 29. Rb1 Qa6 30. Nc3 c4 31. b4 Qb7 32. Nf3 Rd8 33. Bc5 Rac8 34. Nb5 Ra8 35. Nc3 Rac8 36. Nb5 Ra8 37. Rxd8 Rxd8 38. Nxa3 Rd3 39. Nb5 Nd7 40. Nd6 Qc6 41. Nxc4 Qxe4 42. Ncd2 Qd5 43. Be3 e4 44. Ne1 Rc3 45. Qxe4 Qxa2 46. Rd1 Nf6 47. Qf3 Nd5 48. Ne4 Nxe3 49. Nxc3 Nxd1 50. Nxa2 Bxa2 51. Qxd1 Be6 52. b5 1-0


[Site "https://www.chess.com"]

[Event "Titled Tuesday Blitz March 15 Late 2022"]
[White "Matinian, Nikita"]
[Black "Ozates, Tuna"]
[WhiteFideId "24129100"]
[BlackFideId "6354521"]
[WhiteElo "2422"]
[BlackElo "1887"]
[Result "1-0"]
[Round "08"]
[TimeControl "180+1"]
[Date "2022.03.16"]
[WhiteClock "0:00:08"]
[BlackClock "0:00:09"]

1. e4 c5 2. Nc3 Nc6 3. Bb5 Nd4 4. Nf3 e6 5. O-O Ne7 6. Nxd4 cxd4 7. Ne2 Nc6 8. d3 Bc5 9. f4 O-O 10. Bd2 f5 11. Ng3 Ne7 12. Re1 a6 13. Bc4 b5 14. Bb3 Bb7 15. exf5 Nxf5 16. Nxf5 Rxf5 17. Rxe6 Kh8 18. Re5 Rxe5 19. fxe5 Qh4 20. Qe1 Qg4 21. Qg3 Qe2 22. Bg5 Rf8 23. Re1 Qh5 24. e6 dxe6 25. Bxe6 Bb4 26. Ra1 h6 27. Bf4 Qe2 28. Be5 Qxg2+ 29. Qxg2 Bxg2 30. Kxg2 Re8 31. Bxd4 Rxe6 32. c3 Bd6 33. h4 Re2+ 34. Kf3 Rxb2 35. Rg1 Bf8 36. Rg6 Kh7 37. Rxa6 b4 38. c4 Rh2 39. Bf2 Rh1 40. d4 Rc1 41. c5 Be7 42. h5 Bf6 43. d5 Rc3+ 44. Ke4 Rc2 45. Be3 Kg8 46. d6 Kf7 47. Ra7+ Ke6 48. Ra6 Kd7 49. Kd5 Rc3 50. c6+ Ke8 51. d7+ Kf7 52. Bc5 Rd3+ 53. Kc4 Rd1 54. Ra7 Ke6 55. Ra8 Rc1+ 56. Kb5 Kf7 57. d8=Q Bxd8 58. Rxd8 Rc2 59. Bxb4 Ke6 60. Rd6+ Ke5 61. Rd7 Rxa2 62. Rxg7 Rc2 63. c7 Kf5 64. Rd7 Rc1 65. Rd5+ Ke6 66. Rc5 Rxc5+ 67. Bxc5 Kd7 68. Kb6 Kc8 69. Be3 Kd7 70. Bxh6 Kc8 71. Bf4 Kd7 72. h6 Kc8 73. h7 Kd7 74. h8=Q Ke7 75. Qd8+ Kf7 76. Qd6 Kg7 77. c8=Q Kh7 78. Qcc7+ 1-0


[Site "https://www.chess.com"]

[Event "Titled Tuesday Blitz March 15 Late 2022"]
[White "Meduri, Aakaash"]
[Black "Bilych, Olexiy"]
[WhiteFideId "2032252"]
[BlackFideId "14156504"]
[WhiteElo "2096"]
[BlackElo "2176"]
[Result "0-1"]
[Round "08"]
[TimeControl "180+1"]
[Date "2022.03.16"]
[WhiteClock "0:00:02"]
[BlackClock "0:01:11"]

1. e4 c5 2. Na3 g6 3. c3 d5 4. e5 Nc6 5. d4 Bg7 6. f4 cxd4 7. cxd4 Nh6 8. Be3 O-O 9. h3 Qb6 10. Qd2 Bf5 11. Nf3 Be4 12. Bb5 Bxf3 13. gxf3 Nf5 14. Bxc6 Qxc6 15. Kf2 Qb6 16. Rac1 f6 17. Rhd1 Rad8 18. Kg1 fxe5 19. fxe5 Bxe5 20. Rc2 Bb8 21. Bf2 Qd6 22. Kf1 Qh2 23. Re1 Ng3+ 24. Bxg3 Rxf3+ 25. Bf2 Bg3 26. Re2 Qh1# 0-1


[Site "https://www.chess.com"]

[Event "Titled Tuesday Blitz March 15 Late 2022"]
[White "Mekhitarian, Krikor Sevag"]
[Black "Seul, Georg"]
[WhiteFideId "2107660"]
[BlackFideId "4601653"]
[WhiteElo "2598"]
[BlackElo "2271"]
[Result "1-0"]
[Round "08"]
[TimeControl "180+1"]
[Date "2022.03.15"]
[WhiteClock "0:01:19"]
[BlackClock "0:00:21"]

1. e4 c6 2. d4 d5 3. f3 e6 4. Nc3 Bb4 5. Bd2 Ne7 6. a3 Ba5 7. Bd3 Nd7 8. Nge2 O-O 9. O-O dxe4 10. Nxe4 Bb6 11. Kh1 Nf5 12. c3 c5 13. dxc5 Nxc5 14. Nxc5 Bxc5 15. Bxf5 exf5 16. Be1 Be6 17. Bf2 Bd6 18. Bg3 Bxg3 19. hxg3 Bc4 20. Re1 Bxe2 21. Qxd8 Raxd8 22. Rxe2 Rfe8 23. Rae1 Rxe2 24. Rxe2 g6 25. Kg1 b5 26. Kf2 Kg7 27. Ke1 Kf6 28. Rd2 Re8+ 29. Kf2 Re6 30. Rd7 a6 31. Rd4 g5 32. a4 bxa4 33. Rxa4 Rb6 34. b4 Rc6 35. Ra3 h5 36. Ke3 Re6+ 37. Kd4 h4 38. gxh4 gxh4 39. c4 Kg5 40. c5 Kf4 41. Kd5 Re1 42. Rxa6 Re2 43. Rh6 Kg5 44. Rh8 Kf4 45. Rxh4+ 1-0


[Site "https://www.chess.com"]

[Event "Titled Tuesday Blitz March 15 Late 2022"]
[White "Melkumyan, Hrant"]
[Black "Pichot, Alan"]
[WhiteFideId "13302485"]
[BlackFideId "110973"]
[WhiteElo "2604"]
[BlackElo "2579"]
[Result "0-1"]
[Round "08"]
[TimeControl "180+1"]
[Date "2022.03.15"]
[WhiteClock "0:01:38"]
[BlackClock "0:02:03"]

1. d4 Nf6 2. c4 e6 3. Nf3 d5 4. Nc3 dxc4 5. e3 a6 6. a4 c5 7. Bxc4 Nc6 8. O-O Be7 9. h3 O-O 10. Re1 Qc7 11. Qe2 b6 12. b3 Bb7 13. Bb2 Na5 14. Ne5 Nxc4 15. bxc4 Rfd8 16. Rad1 Rac8 17. d5 Qxe5 18. d6 Bxd6 0-1


[Site "https://www.chess.com"]

[Event "Titled Tuesday Blitz March 15 Late 2022"]
[White "Mikhalsky, Vladimir"]
[Black "Petrova, Irina"]
[WhiteFideId "14144352"]
[BlackFideId "14124122"]
[WhiteElo "2301"]
[BlackElo "1993"]
[Result "0-1"]
[Round "08"]
[TimeControl "180+1"]
[Date "2022.03.16"]
[WhiteClock "0:00:18"]
[BlackClock "0:00:24"]

1. d4 d6 2. c4 e5 3. Nf3 e4 4. Nfd2 f5 5. Nc3 Nf6 6. e3 g6 7. b3 Bg7 8. Bb2 O-O 9. Qc2 c6 10. d5 Na6 11. dxc6 bxc6 12. a3 Be6 13. b4 Nc7 14. Ne2 Qd7 15. Nf4 Bf7 16. h4 h6 17. Be2 Ne6 18. g3 Nxf4 19. gxf4 h5 20. Nb3 Kh7 21. Rg1 Ng4 22. Bxg4 hxg4 23. Kf1 Bxb2 24. Qxb2 Bxc4+ 25. Kg2 Bxb3 26. Qxb3 d5 27. Rh1 a5 28. h5 axb4 29. Qxb4 g5 30. fxg5 f4 31. Qd4 fxe3 32. fxe3 Rf3 33. Raf1 Qd6 34. Rxf3 exf3+ 35. Kf2 g3+ 36. Kxf3 Rf8+ 37. Kg2 Rf2+ 38. Kh3 g2 39. Rg1 Rf3+ 40. Kg4 Qg3# 0-1


[Site "https://www.chess.com"]

[Event "Titled Tuesday Blitz March 15 Late 2022"]
[White "Mogranzini, Roberto"]
[Black "Peatman, Carter"]
[WhiteFideId "810894"]
[BlackFideId "2096480"]
[WhiteElo "2469"]
[BlackElo "2450"]
[Result "0-1"]
[Round "08"]
[TimeControl "180+1"]
[Date "2022.03.16"]
[WhiteClock "0:00:09"]
[BlackClock "0:00:24"]

1. Nf3 d5 2. c4 d4 3. g3 Nc6 4. Bg2 e5 5. d3 Nf6 6. O-O Be7 7. e3 O-O 8. e4 Bg4 9. a3 a5 10. Bg5 h6 11. Bxf6 Bxf6 12. Nbd2 Re8 13. Qa4 Qd7 14. c5 Be6 15. Rac1 Be7 16. Nc4 Bxc5 17. Qb5 b6 18. a4 Bxc4 19. Qxc4 Nb4 20. b3 Qe6 21. Qxe6 Rxe6 22. Rfd1 Rae8 23. Bh3 Rf6 24. Kg2 g6 25. Bd7 Re7 26. Bb5 Na2 27. Bc4 Nxc1 28. Rxc1 Kg7 29. h4 h5 30. Ng5 Rd6 31. Rf1 f6 32. Nh3 Bb4 33. f4 exf4 34. Nxf4 c6 35. Rf2 Be1 36. Re2 Bc3 37. Rf2 Re5 38. Kh3 Kh6 39. g4 hxg4+ 40. Kxg4 Be1 41. Rg2 g5 0-1


[Site "https://www.chess.com"]

[Event "Titled Tuesday Blitz March 15 Late 2022"]
[White "Mohammadian, Mohammad"]
[Black "Sanchez, Robert"]
[WhiteFideId "12566055"]
[BlackFideId "2034360"]
[WhiteElo "1544"]
[BlackElo "2313"]
[Result "0-1"]
[Round "08"]
[TimeControl "180+1"]
[Date "2022.03.16"]
[WhiteClock "0:00:02"]
[BlackClock "0:01:22"]

1. e4 e6 2. d4 d5 3. Nd2 Nf6 4. e5 Nfd7 5. Bd3 c5 6. c3 Nc6 7. Ne2 cxd4 8. cxd4 f6 9. Nf4 Nxd4 10. Nb3 Nxb3 11. Qxb3 Nxe5 12. Bb5+ Kf7 13. O-O Bd6 14. Qh3 Ng6 15. Qf3 Qc7 16. Nh5 Bxh2+ 17. Kh1 Bd6 18. Be3 Qa5 19. Bd3 Qb4 20. Rfe1 Qh4+ 21. Qh3 Qxh3+ 22. gxh3 e5 23. Ng3 e4 24. Bf1 f5 25. Bg2 f4 26. Nxe4 dxe4 27. Bxe4 fxe3 28. Rxe3 Be6 29. Rae1 Rhe8 30. Bxb7 Rab8 31. Bc6 Re7 32. Bf3 Rxb2 33. Kg2 Nf4+ 0-1


[Site "https://www.chess.com"]

[Event "Titled Tuesday Blitz March 15 Late 2022"]
[White "Niemann, Hans Moke"]
[Black "Tari, Aryan"]
[WhiteFideId "2093596"]
[BlackFideId "1510045"]
[WhiteElo "2632"]
[BlackElo "2567"]
[Result "1-0"]
[Round "08"]
[TimeControl "180+1"]
[Date "2022.03.15"]
[WhiteClock "0:01:05"]
[BlackClock "0:00:28"]

1. d4 d5 2. Nc3 Nf6 3. Bf4 a6 4. e3 e6 5. g4 Bb4 6. Ne2 c5 7. a3 cxd4 8. axb4 dxc3 9. Nxc3 O-O 10. g5 Nfd7 11. b5 Qe7 12. Bg2 Nb6 13. O-O N8d7 14. h4 Nc5 15. Qd4 Nc4 16. b3 Nb6 17. e4 Re8 18. exd5 e5 19. Bxe5 Qxe5 20. Qxc5 Nd7 21. Qe3 Qxe3 22. fxe3 Rxe3 23. Ne4 Ne5 24. b6 Bd7 25. Rae1 Rxe1 26. Rxe1 Kf8 27. Nc5 Rc8 28. b4 f6 29. d6 Bc6 30. Bxc6 Rxc6 31. d7 Ke7 32. Rd1 Nf7 33. Nxb7 Nd8 34. Re1+ Re6 35. Rxe6+ Nxe6 36. gxf6+ gxf6 37. d8=Q+ Nxd8 38. Nxd8 Kxd8 39. c4 Kd7 40. c5 Kc6 41. Kf2 1-0


[Site "https://www.chess.com"]

[Event "Titled Tuesday Blitz March 15 Late 2022"]
[White "Olsen, Filip Boe"]
[Black "Hoffmann, Asa"]
[WhiteFideId "1440640"]
[BlackFideId "2001470"]
[WhiteElo "2188"]
[BlackElo "2117"]
[Result "0-1"]
[Round "08"]
[TimeControl "180+1"]
[Date "2022.03.16"]
[WhiteClock "0:00:16"]
[BlackClock "0:01:13"]

1. d4 Nf6 2. Nf3 d6 3. g3 c6 4. Bg2 Bf5 5. O-O h6 6. b3 Nbd7 7. Bb2 Qc7 8. Nbd2 e6 9. Re1 d5 10. Ne5 Bd6 11. f4 Bxe5 12. dxe5 Ne4 13. Nxe4 dxe4 14. Qd6 Qxd6 15. exd6 f6 16. Rad1 O-O-O 17. Rd4 Nb6 18. Ba3 Nd5 19. c4 Ne3 20. Bxe4 Bxe4 21. Rxe4 Nc2 22. Rd1 Nxa3 23. Rxe6 Rd7 24. Kf2 Rhd8 25. e4 Nc2 26. Rd2 Nb4 27. a3 Na6 28. b4 b6 29. Ke3 Nb8 30. h4 h5 31. a4 Na6 32. a5 Nxb4 33. axb6 axb6 34. Rb2 c5 35. e5 Kb7 36. Rb1 Nc2+ 37. Ke4 Nd4 38. Re7 Kc6 39. Rxd7 Rxd7 40. Ra1 f5+ 41. Ke3 Nc2+ 0-1


[Site "https://www.chess.com"]

[Event "Titled Tuesday Blitz March 15 Late 2022"]
[White "Oro, Luis"]
[Black "Fier, Alexandr"]
[WhiteFideId "104094"]
[BlackFideId "2107139"]
[WhiteElo "2271"]
[BlackElo "2571"]
[Result "1-0"]
[Round "08"]
[TimeControl "180+1"]
[Date "2022.03.16"]
[WhiteClock "0:00:06"]
[BlackClock "0:01:30"]

1. e4 c5 2. Nf3 d6 3. d4 cxd4 4. Nxd4 Nf6 5. Nc3 Nc6 6. f3 e5 7. Nb3 Be7 8. Be3 Be6 9. Qd2 O-O 10. O-O-O a5 11. Bb5 a4 12. Bxa4 Nb4 13. a3 Na2+ 14. Nxa2 Rxa4 15. Nc3 Rc4 16. Kb1 Qa8 17. g4 Rfc8 18. Qd3 Rxc3 19. bxc3 Qxa3 20. Bc1 Qa4 21. Bb2 Bxb3 22. cxb3 Qxb3 23. Qc2 Qc4 24. h4 Ra8 25. Qd3 Qa2+ 26. Kc1 Qa4 27. Qc2 Qc6 28. g5 Nd7 29. Rd2 Qc4 30. Qd3 Qa2 31. Qb1 Qa6 32. Qd3 Qa7 33. Kc2 Qa4+ 34. Kc1 Nc5 35. Qd5 Nb3+ 36. Kc2 Nxd2+ 37. Kxd2 b5 38. Ra1 Qxa1 39. Bxa1 Rxa1 40. Qxb5 Bf8 41. h5 Rg1 42. g6 hxg6 43. hxg6 Rxg6 44. Ke2 Rg2+ 45. Kf1 g6 46. Kxg2 Kg7 47. Qd5 Be7 48. c4 Kf6 49. Kf2 g5 50. Kg3 Kg7 51. c5 Kg6 52. cxd6 Bf6 53. d7 Bd8 54. Qxe5 f6 55. Qe8+ Kh6 56. Qxd8 f5 57. Qf6+ Kh5 58. Qh8+ Kg6 59. Qg8+ Kh5 60. Qh7# 1-0


[Site "https://www.chess.com"]

[Event "Titled Tuesday Blitz March 15 Late 2022"]
[White "P., Komal Kishore"]
[Black "Toncheva, Nadya"]
[WhiteFideId "5016703"]
[BlackFideId "2924056"]
[WhiteElo "2115"]
[BlackElo "1884"]
[Result "0-1"]
[Round "08"]
[TimeControl "180+1"]
[Date "2022.03.16"]
[WhiteClock "0:00:17"]
[BlackClock "0:00:36"]

1. e4 d5 2. exd5 Qxd5 3. Nc3 Qa5 4. d4 c6 5. Nf3 Nf6 6. Bc4 Bf5 7. O-O e6 8. Bd2 Qc7 9. Re1 Nbd7 10. Ne5 Bd6 11. f4 O-O 12. Qf3 a6 13. Bb3 c5 14. Nxd7 Nxd7 15. d5 c4 16. dxe6 fxe6 17. Ba4 b5 18. Bxb5 axb5 19. Kh1 Qb6 20. g4 Bxc2 21. Rxe6 Nc5 22. Rxd6 Qxd6 23. Be3 b4 24. Nb5 Qb6 25. Qd5+ Qe6 26. Qxc5 Be4+ 27. Kg1 Qxg4+ 28. Kf2 Qf3+ 29. Ke1 Bd3 30. Nd4 Qxe3+ 0-1


[Site "https://www.chess.com"]

[Event "Titled Tuesday Blitz March 15 Late 2022"]
[White "Papasimakopoulos, Alexandros"]
[Black "Sztokbant, Bernardo Vainzoff"]
[WhiteFideId "4244125"]
[BlackFideId "2115956"]
[WhiteElo "2340"]
[BlackElo "2237"]
[Result "1-0"]
[Round "08"]
[TimeControl "180+1"]
[Date "2022.03.15"]
[WhiteClock "0:02:05"]
[BlackClock "0:00:50"]

1. d4 Nf6 2. c4 g6 3. Nc3 d5 4. Nf3 Bg7 5. Qb3 c6 6. cxd5 cxd5 7. Bf4 O-O 8. e3 Nc6 9. Bd3 Bg4 10. Qxb7 Rc8 11. Ne5 Nxe5 12. Bxe5 Qa5 13. O-O e6 14. f3 Bf5 15. e4 dxe4 16. fxe4 Nxe4 17. Bxe4 Bxe5 18. dxe5 Qxe5 19. Bxf5 gxf5 20. Qxa7 Kh8 21. Rad1 Rc7 22. Qd4 1-0


[Site "https://www.chess.com"]

[Event "Titled Tuesday Blitz March 15 Late 2022"]
[White "Paravyan, David"]
[Black "Suleymanli, Aydin"]
[WhiteFideId "4194985"]
[BlackFideId "13413937"]
[WhiteElo "2569"]
[BlackElo "2481"]
[Result "1-0"]
[Round "08"]
[TimeControl "180+1"]
[Date "2022.03.15"]
[WhiteClock "0:00:09"]
[BlackClock "0:00:03"]

1. e4 c5 2. Nf3 Nc6 3. d4 cxd4 4. Nxd4 Nf6 5. Nc3 e6 6. Nxc6 bxc6 7. e5 Nd5 8. Ne4 Qc7 9. f4 f5 10. exf6 gxf6 11. Bd2 f5 12. Qh5+ Kd8 13. Ng5 Qb6 14. Nf7+ Kc7 15. Nxh8 Qxb2 16. Rd1 Qxh8 17. Ba5+ Nb6 18. Qf3 Qb2 19. Bd3 Bc5 20. Qe2 Qxa2 21. Qe5+ d6 22. Qc3 Bd7 23. Be2 Rg8 24. g3 Qa3 25. Qxa3 Bxa3 26. Kd2 Bc5 27. Ra1 Bc8 28. Rhb1 Bb7 29. Bb4 Bxb4+ 30. Rxb4 Ra8 31. Ra5 Nd5 32. Rba4 a6 33. Bxa6 Kb6 34. Bxb7 Rxa5 35. Rxa5 Kxa5 36. Bxc6 Nf6 37. Kd3 Kb6 38. Ba4 Kc5 39. c3 d5 40. Bd1 Ne4 41. Bf3 Nf6 42. h3 Ne4 43. g4 Nf2+ 44. Ke3 Ne4 45. g5 Nxc3 46. h4 Nb5 47. h5 Nd6 48. h6 d4+ 49. Kd3 e5 50. Bh5 e4+ 51. Kd2 Nc4+ 52. Ke1 d3 53. g6 hxg6 54. h7 gxh5 55. h8=Q e3 56. Qc3 d2+ 57. Ke2 Kd5 58. Qd3+ Kc5 59. Qxf5+ Kb4 60. Qe4 h4 61. f5 h3 62. f6 h2 63. f7 Kc3 64. f8=Q d1=Q+ 65. Kxd1 h1=Q+ 66. Qxh1 e2+ 67. Ke1 1-0


[Site "https://www.chess.com"]

[Event "Titled Tuesday Blitz March 15 Late 2022"]
[White "Petesch, Gabriel"]
[Black "Sadilek, Peter"]
[WhiteFideId "2032465"]
[BlackFideId "1616439"]
[WhiteElo "2374"]
[BlackElo "2145"]
[Result "0-1"]
[Round "08"]
[TimeControl "180+1"]
[Date "2022.03.16"]
[WhiteClock "0:00:03"]
[BlackClock "0:00:02"]

1. Nf3 g6 2. g3 Bg7 3. Bg2 Nf6 4. e4 O-O 5. e5 Ne8 6. O-O d6 7. exd6 cxd6 8. d4 Nc6 9. c3 Nf6 10. Re1 h6 11. Nbd2 Bd7 12. Nc4 Re8 13. Bf4 Qc8 14. Qd2 g5 15. Be3 Ng4 16. Na3 Nxe3 17. fxe3 Bh3 18. e4 Bxg2 19. Kxg2 Qd7 20. Qf2 e6 21. Rf1 Rab8 22. Nc4 d5 23. Ncd2 b5 24. h4 g4 25. Nh2 dxe4 26. Nxe4 f5 27. Nc5 Qd5+ 28. Kg1 Nxd4 29. Nd3 Nf3+ 30. Nxf3 Qxd3 31. Ne1 Qc4 32. a3 a5 33. Nc2 b4 34. axb4 axb4 35. Ra4 Qb3 36. Rxb4 Rxb4 37. Nxb4 Rd8 38. Qe2 Kh7 39. Kh2 Rd6 40. Re1 e5 41. Rf1 Qe6 42. Nd3 Qd5 43. Nb4 Qd2 44. Rf2 Qxe2 45. Rxe2 f4 46. gxf4 exf4 47. Kg1 Kg6 48. Nc2 Bf6 49. Re1 Bxh4 50. Re4 Kf5 51. Rd4 Re6 52. b4 Re2 53. Rd5+ Ke4 54. Rd4+ Ke5 55. Na3 Bf2+ 56. Kf1 Ra2 57. Nc4+ Kf5 58. Rd5+ Kf6 59. Rd6+ Kg5 60. Rd5+ Kh4 61. Ne5 Bg3 62. Ng6+ Kh3 63. Rh5+ Bh4 64. Rxh4+ Kg3 65. Rxh6 f3 66. Ke1 f2+ 67. Kf1 Ra1+ 68. Ke2 f1=Q+ 69. Kd2 Qf2+ 70. Kd3 Rd1+ 71. Kc4 Qe2+ 72. Kb3 Rb1+ 73. Ka3 Qc4 74. Ne5 Ra1+ 75. Kb2 Qa2# 0-1


[Site "https://www.chess.com"]

[Event "Titled Tuesday Blitz March 15 Late 2022"]
[White "Piliczewski, Bogusz"]
[Black "Vifleemskaia, Svetlana"]
[WhiteFideId "1104144"]
[BlackFideId "4129490"]
[WhiteElo "1896"]
[BlackElo "1901"]
[Result "0-1"]
[Round "08"]
[TimeControl "180+1"]
[Date "2022.03.16"]
[WhiteClock "0:02:38"]
[BlackClock "0:02:49"]

1. d4 Nf6 2. Nf3 d5 3. Bf4 c5 4. c3 Nc6 5. e3 Qb6 6. Qb3 c4 7. Qxb6 axb6 8. a3 b5 9. Nbd2 b4 10. cxb4 Nxb4 11. Rc1 Nc6 12. h3 Bf5 13. Be2 h6 14. O-O e6 0-1


[Site "https://www.chess.com"]